Map: Orbital Shipyard

Players

Jason

  • Race: Terran Terran
  • League: Grandmaster

CMStormPolt (Polt) - Winner!

  • Race: Terran Terran
  • League: Master

VOD

Have the link to the VOD?

Description

Time

  • Played on: Jan. 10, 2016, 8:31 p.m.
  • Length: 14:55
Show
View Real Time Build Order
Export as new Build Order

Jason Terran 

Build Orders: Reaper Expand, Bio Tank 

Get SALT Encoding   

  12  0:02  SCV  
  13  0:14  SCV  
  13  0:19  Supply Depot  
  14  0:27  SCV  
  15  0:41  SCV  
  15  0:42  Barracks  
  16  0:46  Refinery  
  16  0:53  SCV  
  17  1:05  SCV  
  18  1:19  SCV  
  19  1:31  Reaper  
  19  1:32  Orbital Command  
  20  1:44  Command Center  
  20  1:57  Supply Depot  
  20  1:58  SCV  
  21  2:03  Reaper  
  22  2:11  SCV  
  22  2:13  Refinery  
  22  2:24  SCV  
  22  2:29  Factory  
  23  2:36  SCV  
  24  2:41  Barracks Reactor  
  24  2:48  SCV  
  25  2:55  Command Center  
  25  3:05  Orbital Command  
  25  3:14  SCV  
  25  3:16  Factory Tech Lab  
  25  3:19  Starport  
  26  3:25  Marine x2  
  28  3:29  SCV  
  28  3:31  SCV  
  30  3:38  Cyclone  
  33  3:42  SCV  
  33  3:44  SCV  
  33  3:46  Marine x2  
  37  3:54  SCV, Engineering Bay  
  38  3:57  SCV  
  38  4:02  Viking  
  41  4:06  SCV  
  42  4:11  Orbital Command  
  42  4:14  SCV  
  42  4:15  Marine x2  
  45  4:23  SCV  
  45  4:26  SCV  
  45  4:30  Siege Tank  
  48  4:35  SCV  
  48  4:37  SCV  
  48  4:38  SCV  
  51  4:39  Viking  
  51  4:42  Supply Depot  
  53  4:46  Missile Turret  
  53  4:47  SCV  
  53  4:48  Missile Turret  
  53  4:50  SCV x2  
  56  4:53  Marine x2  
  56  4:59  SCV  
  59  5:02  SCV  
  59  5:04  Siege Tank  
  63  5:07  SCV  
  63  5:08  Supply Depot  
  63  5:11  Marine x2  
  66  5:18  SCV  
  66  5:19  SCV  
  66  5:21  Barracks  
  68  5:22  Refinery x2  
  68  5:23  Starport Reactor  
  68  5:24  Barracks  
  68  5:28  Supply Depot  
  68  5:29  SCV  
  68  5:30  Terran Infantry Weapons Level 1, Marine x2  
  71  5:41  SCV  
  72  5:48  Siege Tank, Marine x2  
  77  5:52  SCV  
  77  5:53  SCV  
  77  5:54  SCV  
  80  6:04  SCV  
  80  6:05  SCV, Marine, Medivac  
  80  6:10  Supply Depot x2, Barracks Tech Lab x2  
  85  6:13  Barracks  
  85  6:15  Barracks  
  85  6:28  Supply Depot  
  85  6:30  Stimpack  
  85  6:31  SCV x3, Siege Tank, Marine x2  
  93  6:34  Combat Shields, Orbital Command  
  93  6:37  Marine  
  94  6:42  Supply Depot, Marine  
  94  6:43  SCV x2  
  97  6:49  Marine x2  
  97  6:51  Medivac  
  101  6:55  SCV x2, Marine  
  101  6:59  Marine  
  105  7:04  SCV  
  105  7:07  Marine  
  105  7:08  SCV x2  
  110  7:09  Sensor Tower  
  110  7:10  Marine  
  110  7:12  Marine  
  110  7:13  Sensor Tower  
  113  7:15  Barracks Reactor  
  113  7:16  Barracks Reactor  
  113  7:18  SCV  
  113  7:19  Marine  
  112  7:24  Marine  
  112  7:25  Siege Tank  
  112  7:26  SCV  
  112  7:28  Marine  
  117  7:34  Supply Depot  
  117  7:35  Supply Depot  
  117  7:37  Refinery  
  117  7:38  Refinery, Marine  
  117  7:50  Command Center  
  117  7:52  Terran Infantry Armor Level 1  
  117  7:55  Marine x6  
  117  7:56  SCV x2  
  117  7:57  SCV, Medivac x2, Marine x2  
  132  8:01  Supply Depot  
  132  8:02  Supply Depot  
  132  8:03  Supply Depot  
  132  8:08  SCV  
  132  8:09  SCV  
  132  8:11  Siege Tank  
  136  8:13  SCV, Marine x4  
  136  8:14  Factory  
  136  8:19  Marine x2  
  141  8:21  Armory, Engineering Bay  
  141  8:22  Marine  
  141  8:26  Marine  
  142  8:31  Marine x3  
  142  8:33  Marine  
  145  8:37  Marine x2  
  145  8:38  Medivac x2  
  145  8:40  Marine  
  151  8:43  Marine  
  151  8:45  Armory, Engineering Bay  
  151  8:49  Marine x3  
  151  8:51  Marine  
  151  8:55  Marine x2  
  156  8:58  Marine  
  156  9:01  Marine  
  157  9:04  Siege Tank  
  157  9:07  Factory Tech Lab, Marine x3  
  157  9:08  Medivac  
  157  9:09  Marine  
  166  9:12  Marine  
  166  9:13  Marine  
  166  9:15  Marine  
  169  9:19  Marine  
  170  9:24  Marine x3  
  170  9:27  Marine  
  170  9:30  Marine  
  170  9:31  Marine  
  176  9:33  Marine  
  176  9:37  Siege Tank, Marine  
  180  9:42  Marine x3  
  180  9:44  Marine  
  180  9:53  Supply Depot  
  180  9:55  Supply Depot x2  
  180  10:01  Marine x2  
  180  10:02  Marine x4  
  180  10:03  Marine x2  
  174  10:11  Siege Tank  
  177  10:17  Siege Tank  
  177  10:19  Marine x3  
  177  10:20  Marine x3  
  177  10:21  Marine x2  
  188  10:26  Terran Infantry Weapons Level 2, Terran Infantry Armor Level 2  
  188  10:28  Planetary Fortress  
  185  10:37  Marine x5  
  185  10:38  Marine x3  
  151  10:53  Siege Tank  
  151  10:55  Marine x6  
  151  10:56  SCV, Marine x2  
  159  11:00  SCV x2  
  161  11:05  Sensor Tower  
  161  11:07  SCV  
  162  11:12  Marine  
  162  11:13  Sensor Tower, Marine x5  
  162  11:14  Marine x2  
  162  11:16  Medivac x2  
  174  11:23  Barracks  
  174  11:26  Barracks  
  174  11:30  Marine x2  
  174  11:31  Marine x4  
  174  11:32  Marine x2  
  182  11:35  Refinery  
  182  11:46  Medivac  
  181  11:48  Marine x3  
  181  11:49  Marine x3  
  181  11:50  Marine x2  
  181  11:52  Siege Tank  
  181  11:53  Siege Tank  
  190  12:06  Marine x3  
  190  12:07  Marine x5  
  198  12:14  Marine x2  
  198  12:24  Marine x3  
  198  12:25  Marine x2  
  177  12:31  Marine x2  
  177  12:32  Marine x3  
  166  12:41  Marine  
  166  12:42  Marine x2  
  166  12:43  Marine x2  
  168  12:49  Marine x2  
  168  12:50  Marine x3  
  164  12:59  Marine x2  
  164  13:00  Marine  
  164  13:01  Marine x2  
  164  13:03  SCV  
  168  13:06  Marine  
  168  13:08  Marine x2  
  168  13:12  Marine  
  170  13:17  SCV  
  172  13:20  Marine  
  172  13:26  Marine  
  173  13:35  Marine  
  173  13:36  Sensor Tower  
  174  13:41  Marine x2  
  174  13:42  Marine x2  
  174  13:43  Marine  
  179  13:56  Siege Tank  
  181  14:06  Marine x4  
  167  14:18  Marine  
  167  14:22  Marine x2  
  167  14:23  Marine x2, Orbital Command  
  167  14:24  Marine x5  
  166  14:35  Marine  
Show
View Real Time Build Order
Export as new Build Order

CMStormPolt Terran - Winner!

Build Orders: Reaper Expand, Bio Tank 

Get SALT Encoding   

  12  0:00  SCV  
  13  0:13  SCV  
  14  0:17  Supply Depot  
  14  0:25  SCV  
  15  0:39  SCV  
  15  0:40  Barracks  
  16  0:45  Refinery  
  16  0:51  SCV  
  17  1:03  SCV  
  18  1:15  SCV  
  19  1:28  Orbital Command  
  19  1:31  Reaper  
  20  1:49  Command Center  
  20  1:55  SCV  
  21  2:02  Supply Depot  
  21  2:03  Marine  
  21  2:07  SCV  
  23  2:17  Factory  
  23  2:24  SCV  
  23  2:26  Barracks Reactor  
  24  2:36  SCV  
  25  2:37  Refinery  
  25  2:48  SCV  
  26  3:00  SCV  
  26  3:03  Orbital Command  
  26  3:04  Hellion, Marine x2  
  26  3:05  Starport  
  31  3:12  SCV  
  32  3:24  SCV  
  33  3:29  Factory Tech Lab  
  33  3:30  Marine x2  
  33  3:32  SCV  
  36  3:36  SCV, Supply Depot  
  37  3:43  Refinery  
  37  3:44  SCV, Viking  
  37  3:48  SCV, Siege Tank, Marine x2  
  46  3:58  SCV  
  46  3:59  Supply Depot  
  46  4:00  SCV  
  50  4:11  SCV  
  50  4:13  SCV  
  50  4:23  SCV  
  51  4:25  SCV, Medivac x2  
  56  4:32  Supply Depot  
  56  4:34  Barracks Tech Lab  
  56  4:35  SCV  
  56  4:37  SCV  
  57  4:42  Refinery  
  57  4:43  Supply Depot  
  57  4:44  Command Center  
  57  4:45  Marine  
  58  4:46  Stimpack  
  58  4:47  SCV  
  58  4:49  SCV  
  60  5:00  SCV  
  60  5:01  SCV  
  62  5:07  Factory Tech Lab  
  62  5:09  Barracks  
  62  5:12  SCV, Barracks  
  62  5:13  SCV  
  64  5:14  Starport Reactor  
  64  5:16  Engineering Bay, Marine  
  64  5:18  Engineering Bay  
  65  5:25  SCV x2  
  67  5:29  Barracks  
  67  5:30  Barracks  
  67  5:34  Marine  
  68  5:45  SCV x2  
  70  5:51  Marine  
  70  5:53  Siege Tank  
  70  5:54  Terran Infantry Weapons Level 1, Terran Infantry Armor Level 1  
  73  5:57  SCV  
  73  5:58  SCV, Orbital Command  
  73  6:00  Marine x2  
  73  6:02  Starport Reactor  
  76  6:07  Marine x2  
  76  6:10  SCV x2  
  80  6:27  SCV x3  
  80  6:28  Marine x4  
  80  6:29  Barracks Reactor x2  
  80  6:30  Marine  
  80  6:31  Siege Tank  
  91  6:44  SCV x2  
  93  6:49  Medivac x2  
  93  6:50  SCV, Supply Depot, Armory  
  93  6:51  Supply Depot x2  
  98  6:54  Missile Turret  
  98  6:58  Factory, Missile Turret  
  98  6:59  Refinery  
  98  7:00  Refinery  
  98  7:01  Sensor Tower  
  98  7:04  Marine x5  
  101  7:09  Combat Shields  
  101  7:12  SCV x3, Siege Tank  
  101  7:13  Supply Depot  
  101  7:15  Supply Depot  
  106  7:24  SCV x3  
  106  7:27  Marine x9  
  118  7:40  Supply Depot  
  118  7:42  SCV  
  118  7:43  Factory Tech Lab  
  119  7:44  Medivac  
  119  7:45  Medivac  
  119  7:46  Terran Vehicle Weapons Level 1  
  119  7:48  Marine x9  
  119  7:49  Terran Infantry Weapons Level 2  
  132  7:51  Terran Infantry Armor Level 2  
  132  7:57  Supply Depot  
  131  7:59  Supply Depot  
  131  8:03  Siege Tank x2  
  137  8:09  Marine x4  
  137  8:10  Marine x5  
  144  8:34  Marine x9  
  147  8:39  Siege Tank  
  147  8:40  Command Center, Siege Tank  
  147  8:41  Supply Depot x3  
  157  8:52  Marine x2  
  157  8:53  Marine x6  
  165  9:00  Marine  
  163  9:05  Viking  
  163  9:06  Viking  
  167  9:11  Siege Tank  
  167  9:12  Siege Tank  
  173  9:20  Marine x2  
  173  9:21  Marine x7  
  167  9:36  Viking x2  
  170  9:42  Terran Vehicle Weapons Level 2  
  170  9:44  Siege Tank x2  
  169  9:46  Marine x9  
  178  9:54  Command Center  
  162  10:12  Viking x2  
  162  10:13  Marine x9  
  175  10:16  Siege Tank x2  
  175  10:20  Planetary Fortress  
  181  10:32  Barracks  
  181  10:35  Barracks  
  181  10:38  Sensor Tower  
  181  10:42  Medivac x2  
  175  10:45  Terran Infantry Weapons Level 3  
  137  10:52  Siege Tank x2, Marine x4  
  137  10:53  Marine x5  
  150  11:01  Terran Infantry Armor Level 3  
  149  11:19  Command Center  
  149  11:24  Siege Tank x2, Marine x8  
  149  11:25  Barracks Reactor x2, Marine  
  163  11:28  Medivac  
  166  11:34  Medivac  
  166  11:38  Refinery x2  
  165  11:58  Marine x4  
  165  11:59  Marine x5  
  172  12:12  Marine x2  
  172  12:13  Marine x2  
  172  12:15  Siege Tank x2  
  176  12:16  Marine x8  
  176  12:17  Marine  
  163  12:47  Siege Tank x2  
  133  13:08  Marine x2  
  133  13:09  Marine x8  
  127  13:15  Medivac x2  
  127  13:19  Siege Tank x2  
  137  13:20  Planetary Fortress  
  137  13:33  Marine x8  
  137  13:34  Marine x5  
  150  13:45  Medivac x2  
  154  13:51  Siege Tank x2  
  154  14:04  Marine x13  
  150  14:28  Marine x6  
  150  14:29  Marine x7  
Tags
 
Add a new tag
Caveats
  • Supply blocks, unpowered buildings, or Contaminate may cause inaccurate times.
  • Supply counts are checked every 10 seconds.